groovejumper, neutral female human Wizard ----- ------ |....########## --------- |.[..+# |...| # |.......-##%%###---------- |]...|% |..(+########))#........| #.........| |....|# |...| #|.......| |.{.....%| |....|# #.....# #......... #-...h@.)>| |....|# #|...|# #################---------- ------# #-----# # #### # # # # #### # # ### -----############## #### # # |...-###### ------.- #---------------- # ###|...| # |......| #|...............### # #.<..| ##-......| #-..............| # --------# |..(| |......| |............... ##-......|# ----- |......| ---------------- |.......# -------- -------- groovejumper the Conjurer Experience level: 5 Strength: 10 Dexterity: 13 Constitution: 12 Intelligence: 17 Wisdom: 11 Charisma: 12 Health: 0(37) Energy: 50(50) AC: 10 Gold: 0 Moves: 1618 Your Inventory: Weapons a - a blessed +1 quarterstaff (weapon in hands) o - 9 uncursed +0 darts Armor b - an uncursed +1 cloak of magic resistance t - an [uncursed] +0 studded leather armor Comestibles p - 4 uncursed food rations R - 4 [uncursed] cream pies Scrolls j - 2 uncursed scrolls of scare monster w - a blessed scroll of charging C - an uncursed scroll of fire D - an [uncursed] scroll labeled VERR YED HORRE [of stinking cloud] Spellbooks l - a blessed spellbook of force bolt m - an uncursed spellbook of charm monster y - an [uncursed] spellbook of fireball Potions f - an uncursed potion of water g - an uncursed potion of enlightenment v - an [uncursed] potion of oil Rings d - a blessed +4 ring of gain dexterity e - an uncursed +2 ring of gain wisdom Wands c - an uncursed wand of cancellation (0:8) E - an [uncursed] quartz wand [of speed monster (0:8)] F - an [uncursed] long wand [of slow monster (0:6)] G - an [uncursed] mahogany wand [of enlightenment (0:11)] H - an [uncursed] long wand [of slow monster (0:3)] I - an [uncursed] octagonal wand [of probing (0:7)] J - an [uncursed] balsa wand [of light (0:11)] K - an [uncursed] mithril wand [of fire (0:7)] L - an [uncursed] bamboo wand [of digging (0:6)] M - an [uncursed] wand called teleportation [of teleportation (0:3)] N - a [blessed] quartz wand [of speed monster (0:4)] O - an [uncursed] crusty wand [of polymorph (0:4)] P - an [uncursed] mahogany wand [of enlightenment (0:12)] Q - an [uncursed] forked wand [of magic missile (0:5)] Tools n - an uncursed blindfold Spells known in the end: Name Level Category Fail Memory a - force bolt 1 attack 0% [||||||||] b - charm monster 3 enchantment 0% [||||||||] c - fireball 4 attack 77% [||||||||] Your skills at the end: Fighting Skills Weapon Skills quarterstaff [Basic / Expert] Spellcasting Skills attack spells [Basic / Expert] enchantment spells [Basic / Skilled] Final Attributes: You were devoutly aligned. Hunger level was 167. Your alignment was 17 / 18. Monster difficulty range was 0 - 4. Level difficulty was 3. Your luck was zero. You are dead. Vanquished creatures: a shrieker a kitten an orc zombie a werejackal an acid blob a coyote a large kobold a brown mold 13 Keystone Kops 2 gnome zombies 3 kobolds 3 lichens 4 newts 33 creatures vanquished. Voluntary challenges: You were an atheist. You used a wielded weapon 24 times. You read items or engraved 4 times. You put on armor 3 times. You never genocided any monsters. You never polymorphed an object. You never changed form. You used no wishes. You never wrote Elbereth's name. You never encountered a bones level. You never used any Sokoban shortcuts. Dungeon overview: The Dungeons of Doom: levels 1 to 3 Level 1 a fountain a long staircase Level 2 a fountain Level 3 <- You were here a wand shop, a fountain History has recorded: On T:1 you entered the Dungeons of Doom to retrieve the Amulet of Yendor! On T:289 you advanced to experience level 2. On T:470 you reached level 2 of The Dungeons of Doom. On T:508 you advanced to experience level 3. On T:828 you advanced to experience level 4. On T:938 you reached level 3 of The Dungeons of Doom. On T:1450 you advanced to experience level 5. Latest messages: [18 turns] [HP+1=36] You stop waiting. [5 turns] [HP+1=37] [2 turns] The dwarf hurls an icy potion! The carafe crashes on your head and breaks into shards. This burns! [HP-6=31] [2 turns] You miss the dwarf. (2x) The dwarf swings his broad pick. The dwarf hits! [HP-14=17] [2 turns] You miss the dwarf. The dwarf swings his broad pick. The dwarf hits! You die... Llanfair-ym-muallt comes and takes all your possessions. Final status: Goodbye groovejumper the Wizard... You died in The Dungeons of Doom on dungeon level 3 with 710 points, and 0 pieces of gold, after 1618 moves. You were level 5 with a maximum of 37 hit points when you died.